 Dungeon Crawl Stone Soup version 0.24.0-125-gc4c63601f3 (webtiles) character file.

Game seed: 14515319193767970064, levelgen mode: deterministic

104 Johnny the Poker (level 4, -6/36 HPs)
             Began as a Demigod Gladiator on Feb 17, 2020.
             Killed by divine providence
             ... invoked by an orc priest
              (13 damage)
             ... on level 3 of the Dungeon.
             The game lasted 00:01:26 (1604 turns).

Johnny the Poker (Demigod Gladiator)                Turns: 1604, Time: 00:01:26

Health: -6/36      AC: 15    Str: 19    XL:     4   Next: 28%
Magic:  6/6        EV:  2    Int: 12    God:
Gold:   115        SH:  0    Dex: 17    Spells: 3/3 levels left

rFire    . . .     SeeInvis .   a - +0 trident
rCold    . . .     Gourm    .   (no shield)
rNeg     . . .     Faith    .   n - +0 crystal plate armour
rPois    .         Spirit   .   c - +0 helmet
rElec    .         Reflect  .   (no cloak)
rCorr    .         Harm     .   (no gloves)
MR       .....                  (no boots)
Stlth    ..........             (no amulet)
HPRegen  0.12/turn              j - ring of flight
MPRegen  0.10/turn              (no ring)

@: no status effects
A: high mp 1
a: Evoke Flight


You were on level 3 of the Dungeon.
You were hungry.

You visited 1 branch of the dungeon, and saw 3 of its levels.

You collected 115 gold pieces.

Inventory:

Hand Weapons
 a - a +0 trident (weapon)
Missiles
 d - 3 throwing nets (quivered)
Armour
 c - a +0 helmet (worn)
 n - a +0 crystal plate armour (worn)
Jewellery
 j - a ring of flight (left hand)
 o - a cursed ring of teleportation {unknown}
 v - an uncursed ring of see invisible {unknown}
Scrolls
 k - 3 scrolls of remove curse {unknown}
 m - 2 scrolls of identify {unknown}
 p - a scroll of enchant armour {unknown}
 u - a scroll of random uselessness {unknown}
Potions
 b - a potion of degeneration {unknown}
 e - a potion of might {unknown}
 g - a potion of magic {unknown}
 h - a potion of flight {unknown}
 i - 2 potions of curing
 l - a potion of resistance {unknown}
 q - a potion of heal wounds {unknown}
 r - a potion of invisibility {unknown}
 s - a potion of cancellation {unknown}
Comestibles
 f - 3 rations
 t - 2 chunks of flesh


   Skills:
 - Level 1.7 Fighting
 + Level 4.7 Polearms
 - Level 1.7 Throwing
 + Level 1.0 Armour
 - Level 2.6 Dodging


You had 3 spell levels left.
You didn't know any spells.
Your spell library was empty.

Dungeon Overview and Level Annotations

Branches:
Dungeon (3/15)

Annotations:
D:3 Grinder


Innate Abilities, Weirdness & Mutations

You have an increased reservoir of magic. (+10% MP)


Message History

You are too injured to fight recklessly!
You are too injured to fight recklessly!
The orc priest invokes the aid of Beogh against you.
Beogh smites you!
* * * LOW HITPOINT WARNING * * *
It was a potion of curing.
You feel better. The quokka barely misses you.
Unknown command.
The orc priest invokes the aid of Beogh against you.
Beogh smites you!
* * * LOW HITPOINT WARNING * * *
The quokka bites you but does no damage.
You are feeling hungry.
Unknown command.
Unknown command.
Unknown command.
Unknown command.
The quokka twitches its whiskers.
The orc priest calls down the wrath of Beogh upon you.
Beogh smites you!
You die...

#..PPP♣oo# #
#....♣.###...
.###.##....oo....#
........o#.#######
###.##.##.# #.
#o##.# .# #. #.##.#
.. ## #.##r##.# ..
#.# #..#@##.# #.
#.# ##.#.##.#######
####.#
#.##....##........
......##
##.#.#......######
#...###...........#
#..#.####.#######
######.#.## #.#
...<...### #.#
#######...>....#


You could see an orc priest, an orc and a quokka.

Vanquished Creatures
  A worker ant (D:2)
  2 adders
  An ooze (D:1)
  3 worms (D:2)
  3 dart slugs (D:2)
  3 leopard geckos
  An orc (D:3)
  6 goblins (D:2)
  3 hobgoblins
  2 jackals (D:1)
  A quokka (D:2)
  2 ball pythons
  2 bats (D:1)
  A frilled lizard (D:2)
  8 kobolds
  4 rats
43 creatures vanquished.

Notes
Turn   | Place    | Note
-------+----------+-------------------------------------------
     0 | D:1      | Johnny the Demigod Gladiator began the quest for the Orb.
     0 | D:1      | Reached XP level 1. HP: 17/17 MP: 3/3
    50 | D:1      | Reached skill level 3 in Polearms
   116 | D:1      | Reached XP level 2. HP: 16/24 MP: 4/4
   824 | D:2      | Reached skill level 4 in Polearms
   824 | D:2      | Reached XP level 3. HP: 24/29 MP: 5/5
  1052 | D:2      | Found a shimmering blue altar of Sif Muna.
  1263 | D:2      | Reached XP level 4. HP: 36/36 MP: 6/6
  1484 | D:2      | Found a radiant altar of Vehumet.
  1592 | D:3      | Reached skill level 1 in Armour
  1594 | D:3      | Noticed Grinder
  1604 | D:3      | Killed from afar by an orc priest

Levels and vault maps discovered:
D:1:      lightli_arrival_noodles, layout_loops_ring
D:2:      minmay_skewed_foursquare, layout_loops_ring, marbit_many_paths,
          led_sif_pool, grunt_ministairs_11, mrwooster_statue_mirror,
          chequers_garden
D:3:      layout_loops_ring, serial_forest, infiniplex_forest_lined_corner,
          infiniplex_forest_lined_corner, infiniplex_forest_clump_small,
          infiniplex_forest_lined_2, infiniplex_forest_straight_2,
          infiniplex_forest_clump_small, infiniplex_forest_clump_tiny,
          infiniplex_forest_end_1, infiniplex_forest_clump_large, uniq_natasha,
          uniq_grinder, uniq_sigmund

Skill      XL: |  1  2  3  4 |
---------------+-------------+-----
Polearms       | 3 4 |  4.7
Armour         | 1 |  1.0
Fighting       | |  1.7
Throwing       | |  1.7
Dodging        | |  2.6

Action                   |  1- 3 |  4- 6 || total
-------------------------+-------+-------++-------
Melee: Trident           |   135 |    42 ||   177
  Use: Potion            |       |     1 ||     1
 Stab: Sleeping          |     1 |       ||     1
  Eat: Chunk             |     1 |     1 ||     2
Armor: Leather armour    |     5 |       ||     5
       Crystal plate arm |    72 |    31 ||   103
Dodge: Dodged            |    20 |     5 ||    25
